 Dungeon Sprint DCSS version 0.29-a0-512-gf59ac788ac (webtiles) character file.

Game seed: 75442418871647495

1390 mhtbhm the Martial Artist (level 8, -4/80 HPs)
             Began as a Purple Draconian Transmuter on May 29, 2022.
             Was an Initiate of Gozag.
             Shot with an arrow by a centaur (8 damage)
             ... in the Dungeon (Sprint IX: "|||||||||||||||||||||||||||||").
             The game lasted 00:01:16 (519 turns).

mhtbhm the Martial Artist (DrTm)                     Turns: 519, Time: 00:01:16

Health: -4/80      AC:  5    Str: 12    XL:     8   Next: 40%
Magic:  8/21       EV: 14    Int: 16    God:    Gozag
Gold:   0          SH:  0    Dex: 18    Spells: 15/25 levels left

rFire   x . .      SeeInvis .     - Unarmed
rCold   + + +      Faith    .   (shield currently unavailable)
rNeg    . . .      Spirit   .   (body armour unavailable)
rPois   +          Reflect  .   (helmet currently unavailable)
rElec   .          Harm     .   (cloak currently unavailable)
rCorr   .          Rampage  .   (gloves currently unavailable)
Will    +....      NoTele   +   (boots currently unavailable)
Stlth   ++........              (no amulet)
HPRegen 0.23/turn               l - +3 ring of dexterity
MPRegen 0.17/turn               m - +3 ring of dexterity

@: ice-form, wereblooded (expiring), gold aura, on berserk cooldown, hasted and
slowed
A: freezing attack, amphibious, boosted hp, (breathe power), AC +6, large,
unfitting armour, (cold-blooded)
a: End Transformation, Renounce Religion, Potion Petition, Call Merchant, Bribe
Branch


You were in the Dungeon.
You worshipped Gozag.
Gozag was noncommittal.
You were a creature of crystalline ice.
You visited 1 branch

Inventory:

Armour
 k - a +0 pair of gloves (melded)
Jewellery
 l - a +3 ring of dexterity (left front paw)
 m - a +3 ring of dexterity (right front paw)
Wands
 j - a wand of acid (10)
Scrolls
 g - a scroll of blinking
 i - 2 scrolls of amnesia
Potions
 a - a potion of lignification
 b - a potion of invisibility
 e - 4 potions of magic
 h - 4 potions of curing


   Skills:
 + Level 4.7 Fighting
 + Level 7.2 Dodging
 + Level 12.8 Unarmed Combat
 + Level 9.4 Spellcasting
 + Level 7.3 Transmutations
 + Level 1.2 Ice Magic


You had 15 spell levels left.
You knew the following spells:

 Your Spells              Type           Power      Damage    Failure   Level
a - Beastly Appendage     Tmut           62%        N/A       1%          1
b - Wereblood             Tmut           31%        N/A       1%          2
c - Spider Form           Tmut/Pois      19%        N/A       6%          3
d - Ice Form              Ice/Tmut       21%        N/A       17%         4

Your spell library contained the following spells:

 Spells                   Type           Power      Damage    Failure   Level


Dungeon Overview and Level Annotations

Branches:
Dungeon (1/1)

Altars:
Cheibriados
Dithmenos
Elyvilon
Fedhas
Gozag
Hepliaklqana
Kikubaaqudgha
Makhleb
Nemelex Xobeh
Okawaru
Qazlal
Ru
Sif Muna
Trog
Uskayaw
Vehumet
Wu Jian
Xom
Yredelemnul
Zin
The Shining One
Beogh
Jiyva
Lugonu


Innate Abilities, Weirdness & Mutations

You are a creature of crystalline ice.
You have a powerful freezing melee attack.
You are amphibious.
Your maximum health is increased.
Your armour is entirely melded.
You are incapable of wielding weapons or throwing items.
((You can breathe bolts of dispelling energy.))
((Your rich purple scales are hard. (AC +6)))
You cannot fit into any form of body armour.
((You are cold-blooded and may be slowed by cold attacks.))


Message History

Unknown command.
You punch the orc warrior! You freeze the orc warrior.
The orc warrior is heavily wounded.
You pummel the orc warrior!! You freeze the orc warrior.
You feel a bit better.
You kill the orc warrior!
Unknown command.
Unknown command.
The centaur is distracted by your dazzling golden aura.
There is an open door to the Dungeon, spattered with blood here.
Things that are here:
162 gold pieces; a +0 giant club; a +0 giant club You feel a strong urge to attack something.
The centaur is no longer distracted by gold.
The centaur wields a +0 shortbow.
The centaur shoots an arrow.
You feel your anger nearly subside.
You are no longer berserk.
You are exhausted.
You feel yourself slow down.
The centaur shoots an arrow.
Reactivating autopickup.
You see here a +1 chain mail.
Blink to where?
Press: ? - help, Dir - move target
As you read the scroll of blinking, it crumbles to dust.
Unknown command.
There is a glowing golden altar of the Shining One here.
You close the door.
Okay, then.
Okay, then.
You feel yourself speed up.
There is a glowing silver altar of Zin here.
You howl as the wereblood boils in your veins!
There is a basalt altar of Yredelemnul here.
A centaur opens the door.
There is a shimmering altar of Xom here.
Your primal bloodlust is almost over.
The centaur shoots an arrow.
The arrow hits you but does no damage.
There is an ornate altar of the Wu Jian Council here.
The centaur shoots an arrow.
The arrow closely misses you.
The centaur shoots an arrow.
The arrow hits you!
You die...
Your body crumbles into a pile of gold. $$$$$$$$ $$$$$$$$$$$$ $$$$$ $ $ $ ▓▓▓▓▓▓▓▓▓▓▓▓▓▓▓▓▓▓▓▓▓▓▓▓▓▓▓▓▓▓▓▓▓ ________________Y_____'c.)..[§..$ ▓▓▓▓▓▓▓▓▓▓▓▓▓▓▓▓▓▓▓▓▓▓▓▓▓▓▓▓▓▓▓▓▓

You could see a centaur.

Vanquished Creatures
  2 two-headed ogres (D)
  An orc warrior (D)
  A phantom (D)
  A hound (D)
  An adder (D)
  A shadow imp (D)
  An orc (D)
  A ball python (D)
  A bat (D)
  A hobgoblin (D)
  A quokka (D)
  A rat (D)
13 creatures vanquished.

Vanquished Creatures (others)
  An orc wizard (D)
1 creature vanquished.

Grand Total: 14 creatures vanquished

Notes
Turn   | Place    | Note
-------+----------+-------------------------------------------
     0 | D        | mhtbhm the Draconian Transmuter began the quest for the
                  | Orb.
     0 | D        | Reached XP level 1. HP: 16/16 MP: 3/3
     5 | D        | Banished a spatial maelstrom
    14 | D        | Reached skill level 4 in Unarmed Combat
   158 | D        | Noticed a phantom
   158 | D        | Noticed a hound
   161 | D        | Reached XP level 2. HP: 23/23 MP: 2/5
   182 | D        | Killed a phantom
   183 | D        | Reached skill level 6 in Unarmed Combat
   183 | D        | Reached XP level 3. HP: 20/28 MP: 3/8
   183 | D        | Reached XP level 4. HP: 25/35 MP: 3/10
   188 | D        | Reached skill level 7 in Unarmed Combat
   429 | D        | Learned a level 2 spell: Wereblood
   433 | D        | Learned a level 3 spell: Spider Form
   438 | D        | Learned a level 4 spell: Ice Form
   441 | D        | Found a snail-covered altar of Cheibriados.
   441 | D        | Found a shadowy altar of Dithmenos.
   441 | D        | Found a white marble altar of Elyvilon.
   441 | D        | Found a blossoming altar of Fedhas.
   441 | D        | Found an opulent altar of Gozag.
   442 | D        | Found a hazy altar of Hepliaklqana.
   443 | D        | Found a viscous altar of Jiyva.
   444 | D        | Found an ancient bone altar of Kikubaaqudgha.
   445 | D        | Found a corrupted altar of Lugonu.
   446 | D        | Found a burning altar of Makhleb.
   447 | D        | Found a sparkling altar of Nemelex Xobeh.
   448 | D        | Found an iron altar of Okawaru.
   449 | D        | Became a worshipper of Gozag Ym Sagoz the Greedy
   450 | D        | Found a stormy altar of Qazlal.
   451 | D        | Found a sacrificial altar of Ru.
   452 | D        | Found a shimmering blue altar of Sif Muna.
   453 | D        | Found a bloodstained altar of Trog.
   454 | D        | Found a hide-covered altar of Uskayaw.
   455 | D        | Found a radiant altar of Vehumet.
   456 | D        | Found an ornate altar of the Wu Jian Council.
   457 | D        | Found a shimmering altar of Xom.
   458 | D        | Found a basalt altar of Yredelemnul.
   459 | D        | Found a glowing silver altar of Zin.
   460 | D        | Found a glowing golden altar of the Shining One.
   494 | D        | Noticed a two-headed ogre
   494 | D        | Noticed a two-headed ogre
   494 | D        | Noticed an orc warrior
   494 | D        | Noticed a centaur
   494 | D        | Noticed a gnoll sergeant
   500 | D        | Killed a two-headed ogre
   501 | D        | Reached skill level 11 in Unarmed Combat
   501 | D        | Reached XP level 5. HP: 46/46 MP: 5/14
   501 | D        | Reached XP level 6. HP: 52/52 MP: 5/15
   501 | D        | Your scales start taking on a rich purple colour.
   501 | D        | Reached XP level 7. HP: 58/58 MP: 6/18
   503 | D        | Killed a two-headed ogre
   504 | D        | Reached skill level 12 in Unarmed Combat
   504 | D        | Reached skill level 1 in Ice Magic
   504 | D        | Reached XP level 8. HP: 23/67 MP: 6/21
   504 | D        | HP: 1/120 [orc warrior/+0 halberd (22)]
   519 | D        | Shot with an arrow by a centaur

Illustrated notes

Levels and vault maps discovered:
D:        linesprint [early_d, line_temple, items_1, d_10, items_2, lair_1,
          lair_end, items_3, orc_1, orc_end, items_4, d_15, swamp_1, shoals_1,
          snake_1, spider_1, d_20, vaults_1, items_5, swamp_end, shoals_end,
          snake_end, spider_end, vaults_end, d_27, items_6, zot_1, zot_end,
          crypt_end, forest_end, elf_end, slime_end, tomb_end, abyss_end,
          pan_hell_end]

Skill      XL: |  1  2  3  4  5  6  7 |
---------------+----------------------+-----
Dodging        | 2 3 6 7 |  7.2
Unarmed Combat | 4 6 11 12 | 12.8
Spellcasting   | 4 6 8 9 |  9.4
Transmutations | 3 6 7 |  7.3
Fighting       | 3 4 |  4.7
Ice Magic      | 1 |  1.2

Action                   |  1- 3 |  4- 6 |  7- 9 || total
-------------------------+-------+-------+-------++-------
Melee: Unarmed           |    30 |    14 |     4 ||    48
       Kick              |    10 |     1 |       ||    11
       Headbutt          |     6 |       |       ||     6
       Tailslap          |     2 |       |       ||     2
       Punch             |     1 |       |       ||     1
 Cast: Beastly Appendage |     3 |     1 |       ||     4
       Ice Form          |       |     1 |       ||     1
       Wereblood         |       |     1 |       ||     1
  Use: Potion            |     2 |     3 |     1 ||     6
       Scroll            |       |       |     1 ||     1
Armor: Skin              |     5 |       |     1 ||     6
Dodge: Dodged            |    12 |     8 |     2 ||    22

Table legend: (Time is in decaauts)
 A = Elapsed time spent in this place.
 B = Non-inter-level travel time spent in this place.
 C = Inter-level travel time spent in this place.
 D = Time resting spent in this place.
 E = Time spent auto-exploring this place.
 F = Levels seen in this place.
 G = Mean time per level.
                   A        B        C        D        E       F      G
               +--------+--------+--------+--------+--------+-----+--------+
         Total |    511 |    511 |      0 |    366 |      0 |   1 |  511.0 |
       Dungeon |    511 |    511 |      0 |    366 |      0 |   1 |  511.0 |
               +--------+--------+--------+--------+--------+-----+--------+

Top non-repeatable levels by time:
       D: 511 daAuts
